 Dungeon Crawl Stone Soup version 0.31-a0-1227-g0136665373 (webtiles) character file.

Game seed: 11601566397563231984

9 Curundu the Trooper (level 2, 0/26 HPs)
             Began as a Draconian Berserker on Dec 14, 2023.
             Was a Follower of Trog.
             Slain by a jackal (3 damage)
             ... on level 1 of the Dungeon.
             The game lasted 00:00:48 (192 turns).

Curundu the Trooper (Draconian Berserker)            Turns: 192, Time: 00:00:48

Health: 0/26       AC:  4    Str: 19    XL:     2   Next: 3%
Magic:  2/2        EV: 12    Int:  7    God:    Trog [*.....]
Gold:   12         SH:  0    Dex: 10    Spells: 1/1 levels left

rFire   . . .        a - +0 falchion
rCold   . . .        (no shield)
rNeg    . . .        (body armour unavailable)
rPois   .            (helmet restricted)
rElec   .            (no cloak)
rCorr   .            (no gloves)
SInv    .            (no boots)
Will    .....        (no amulet)
Stlth   +            (no ring)
HPRegen 0.24/turn    (no ring)
MPRegen 0.08/turn

%: no passive effects
@: no status effects
A: AC +4, unfitting armour, cold-blooded
a: Renounce Religion, Berserk


You were on level 1 of the Dungeon.
You worshipped Trog.
Trog was aware of your devotion.
You visited 1 branch of the dungeon, and saw 1 of its levels.

You collected 12 gold pieces.

Inventory:

Hand Weapons
 a - a +0 falchion (weapon)
Scrolls
 c - a scroll of fear {unknown}
Potions
 b - 2 potions of curing {unknown}


   Skills:
 + Level 3.5 Fighting
 + Level 3.1 Long Blades
 + Level 2.9 Dodging


You had one spell level left.
You didn't know any spells.
Your spell library was empty.

Dungeon Overview and Level Annotations

Branches:
Dungeon (1/15)

Altars:


Innate Abilities, Weirdness & Mutations

Your plain brown scales are hard. (AC +4)
You cannot fit into any form of body armour.
You are cold-blooded and may be slowed by cold attacks.


Message History

The endoplasm is heavily wounded.
The jackal closely misses you.
The jackal bites you but does no damage.
The jackal barely misses you.
The endoplasm hits you but does no damage.
You hit the endoplasm.
You kill the endoplasm!
Trog accepts your kill.
The jackal bites you but does no damage.
The jackal barely misses you.
The jackal bites you but does no damage.
A kobold comes into view. It is wielding a +0 short sword.
You have reached level 2!
You completely miss the jackal. The jackal bites you.
The jackal bites you but does no damage. x2
The jackal bites you.
You barely miss the jackal. The jackal misses you.
The jackal closely misses you. The jackal barely misses you.
You closely miss the jackal. The jackal closely misses you. x2
The jackal barely misses you.
You closely miss the jackal. The jackal barely misses you.
The jackal misses you. The jackal barely misses you.
You hit the jackal but do no damage.
The jackal bites you but does no damage.
The kobold hits you but does no damage.
The jackal bites you but does no damage.
The jackal closely misses you.
You closely miss the jackal. The jackal bites you.
The kobold hits you but does no damage.
The jackal bites you but does no damage.
The jackal barely misses you.
The kobold hits you with a +0 short sword.
* * * LOW HITPOINT WARNING * * *
You miss the jackal. The jackal barely misses you.
The jackal completely misses you.
The jackal bites you but does no damage.
The kobold hits you with a +0 short sword.
* * * LOW HITPOINT WARNING * * *
The jackal bites you.
You die...

### #.### #..# #....
...## #... #.... #..#
...# #..# ...# #..# #..#
######..# #Kh#####.
#.......######@h......
###.#####...............
.....# ######.#.#####..
..#..### ###.#...
#.#..#.. ...#.#.###
#.#..#.# #.....#.#
#'#..#.##..# #.#.#
.....#.... ....#
..)..#..# ....#


You could see 2 jackals and a kobold.

Vanquished Creatures
  A ball python (D:1)
  A bat (D:1)
  An endoplasm (D:1)
  A giant cockroach (D:1)
  A jackal (D:1)
  A frilled lizard (D:1)
  2 kobolds (D:1)
8 creatures vanquished.

Notes
Turn   | Place    | Note
-------+----------+-------------------------------------------
     0 | D:1      | Curundu the Draconian Berserker began the quest for the
                  | Orb.
     0 | D:1      | Reached XP level 1. HP: 19/19 MP: 1/1
   186 | D:1      | Reached XP level 2. HP: 13/26 MP: 2/2
   192 | D:1      | Slain by a jackal

Illustrated notes

Levels and vault maps discovered:
D:1:      saegor_arrival_simple_d, layout_basic, minmay_crystal_room,
          corexii_leaking_fountain

Action                     || total
---------------------------++-------
  Melee: Falchion          ||    41
         Tailslap          ||     2
 Armour: Skin              ||    56
  Dodge: Dodged            ||    60

Table legend: (Time is in decaauts)
 A = Elapsed time spent in this place.
 B = Non-inter-level travel time spent in this place.
 C = Inter-level travel time spent in this place.
 D = Time resting spent in this place.
 E = Time spent auto-exploring this place.
 F = Levels seen in this place.
 G = Mean time per level.
                   A        B        C        D        E       F      G
               +--------+--------+--------+--------+--------+-----+--------+
         Total |    198 |    198 |      0 |      0 |    125 |   1 |  198.0 |
       Dungeon |    198 |    198 |      0 |      0 |    125 |   1 |  198.0 |
               +--------+--------+--------+--------+--------+-----+--------+

Top non-repeatable levels by time:
     D:1: 198 daAuts
